 Dungeon Crawl Stone Soup version 0.24-a0-725-gf1a930fc54 (webtiles) character file.

Game seed: 8638351297922787149, levelgen mode: deterministic

397 Kairok the Sneak (level 6, -3/32 HPs)
             Began as a Vine Stalker Assassin on Oct 1, 2019.
             Slain by an ogre
             ... wielding a +0 giant club
              (22 damage)
             ... on level 4 of the Dungeon.
             The game lasted 00:05:23 (2934 turns).

Kairok the Sneak (Vine Stalker Assassin)            Turns: 2934, Time: 00:05:24

Health: -3/32      AC:  6    Str: 13    XL:     6   Next: 83%
Magic:  0/7        EV: 11    Int: 11    God:
Gold:   164        SH:  0    Dex: 18    Spells: 5/5 levels left

rFire    . . .     SeeInvis +   a - +2 dagger
rCold    . . .     Gourm    .   (no shield)
rNeg     . . .     Faith    .   l - +0 ring mail
rPois    .         Spirit   +   (no helmet)
rElec    .         Reflect  .   r - scarf {cloud immunity}
rCorr    +         Harm     .   k - +0 pair of gloves
MR       .....                  (no boots)
Stlth    +++.......             (no amulet)
HPRegen  0.50/turn              o - ring of resist corrosion
MPRegen  0.10/turn              q - ring of see invisible

@: no status effects
A: fangs 2, regeneration 1, magic shield, antimagic bite, no potion heal 3, rot
immunity
a: no special abilities


You were on level 4 of the Dungeon.
You were hungry.

You visited 1 branch of the dungeon, and saw 4 of its levels.
You also visited: Sewer.

You collected 164 gold pieces.

Inventory:

Hand Weapons
 a - a +2 dagger (weapon)
 s - a cursed -3 long sword
Missiles
 d - 23 poisoned darts (quivered)
Armour
 b - a +0 robe
 c - a +0 cloak
 k - a +0 pair of gloves (worn)
 l - a +0 ring mail (worn)
 r - a scarf of cloud immunity (worn)
Magical Staves
 t - an uncursed staff of energy
Jewellery
 o - a ring of resist corrosion (left hand)
 q - a ring of see invisible (right hand)
Scrolls
 g - a scroll of amnesia
 m - 3 scrolls of teleportation
 n - 2 scrolls of remove curse
 p - a scroll of identify
 w - a scroll of immolation {unknown}
Potions
 h - 2 potions of curing
 i - 4 potions of flight
 j - a potion of cancellation
 u - a potion of agility {unknown}
Comestibles
 f - 3 rations


   Skills:
 + Level 2.6 Fighting
 + Level 3.5 Short Blades
 + Level 2.0 Throwing
 + Level 2.4 Armour
 + Level 1.6 Dodging
 + Level 6.8 Stealth


You had 5 spell levels left.
You didn't know any spells.
Your spell library was empty.

Dungeon Overview and Level Annotations

Branches:
Dungeon (4/15)              Sewer (visited)
 Temple: D:4-7

Altars:
Fedhas


Innate Abilities, Weirdness & Mutations

You have extremely sharp teeth.
Your natural rate of healing is unusually fast.
When hurt, damage is shared between your health and your magic reserves.
Your bite disrupts and absorbs the magic of your enemies.
Potions cannot restore your health.
You are immune to rotting.


Message History

a +0 club; an orc corpse; a hound corpse An ogre comes into view.
It is wielding a +0 giant club.
An ogre is nearby!
An ogre is nearby!
The ogre shouts!
You see here 12 gold pieces.
You hit the ogre. You bite the ogre. You drain its power.
The ogre is lightly wounded.
The ogre hits you with a +0 giant club.
You hit the ogre.
The ogre is lightly wounded.
You barely miss the ogre. Your bite misses the ogre.
The ogre is lightly wounded.
The ogre hits you with a +0 giant club!
You hit the ogre but do no damage. You bite the ogre. You drain its power.
You feel invigorated.
The ogre is moderately wounded.
The ogre hits you with a +0 giant club!!
Ouch! That really hurt!
You die...

........# ........#
........#############
....................#
....................#
......... ..........#
.......O####........#
#@............#
#.####........#
#$#<..........#
#.####..<.....# #.#
#........# #.#
#.#'###### #.####.#.#
####.###))....#.#
.......)#######.#


You could see an ogre.

Vanquished Creatures
  An ogre (D:4)
  Crazy Yiuf (D:3)
  A hound (D:4)
  An orc wizard (D:4)
  A merfolk siren (Sewer)
  A merfolk avatar (Sewer)
  7 adders
  2 river rats (Sewer)
  A worm (D:3)
  2 dart slugs
  4 leopard geckos
  3 orcs (D:4)
  7 ball pythons
  8 bats
  4 giant cockroaches
  6 goblins
  3 hobgoblins
  3 jackals (D:3)
  10 frilled lizards
  2 kobolds
  27 rats
95 creatures vanquished.

Notes
Turn   | Place    | Note
-------+----------+-------------------------------------------
     0 | D:1      | Kairok the Vine Stalker Assassin began the quest for the
                  | Orb.
     0 | D:1      | Reached XP level 1. HP: 11/11 MP: 2/2
    32 | D:1      | Reached skill level 5 in Stealth
   254 | D:1      | Reached XP level 2. HP: 6/15 MP: 3/3
   917 | D:2      | Reached XP level 3. HP: 13/18 MP: 2/4
   981 | D:2      | Found a blossoming altar of Fedhas.
  1211 | D:2      | Reached skill level 6 in Stealth
  1497 | D:2      | Reached skill level 1 in Dodging
  1730 | D:3      | Gained mutation: Your natural rate of healing is unusually
                  | fast. [Vine Stalker growth]
  1730 | D:3      | Reached XP level 4. HP: 22/23 MP: 3/5
  1775 | D:3      | Found a glowing drain.
  1795 | Sewer    | Entered a sewer
  1930 | Sewer    | Reached skill level 1 in Armour
  1992 | Sewer    | Reached XP level 5. HP: 26/26 MP: 6/6
  2077 | Sewer    | Noticed a malarious merfolk avatar
  2092 | Sewer    | Killed a malarious merfolk avatar
  2597 | D:3      | Found a runed translucent door.
  2598 | D:3      | Noticed Crazy Yiuf
  2825 | D:3      | Killed Crazy Yiuf
  2825 | D:3      | Reached XP level 6. HP: 27/31 MP: 5/7
  2934 | D:4      | Slain by an ogre

Levels and vault maps discovered:
D:1:      psy_arrival_basics, layout_basic
D:2:      cheibrodos_old_hovel, layout_basic, lemuel_round_altar, first_ration
D:3:      layout_loops_ring, cheibrodos_sewer_entry_drain, solitary_fountain,
          uniq_crazy_yiuf_cottage
D:4:      layout_basic, enter_ossuary_1, serial_shops, shop, shop_coins, shop,
          nicolae_shop_window_shopping

Skill      XL: |  1  2  3  4  5  6 |
---------------+-------------------+-----
Stealth        | 5 6 |  6.8
Short Blades   | 2 3 |  3.5
Dodging        | 1 |  1.6
Armour         | 1 2 |  2.4
Fighting       | 2 |  2.6
Throwing       | 2 |  2.0

Action                   |  1- 3 |  4- 6 || total
-------------------------+-------+-------++-------
Melee: Dagger            |    66 |   246 ||   312
       Bite              |    16 |    62 ||    78
Throw: Dart              |       |     4 ||     4
  Use: Scroll            |     8 |     1 ||     9
       Potion            |     1 |     1 ||     2
 Stab: Sleeping          |     7 |     7 ||    14
  Eat: Chunk             |     1 |     5 ||     6
Armor: Ring mail         |    27 |    57 ||    84
       Robe              |     3 |       ||     3
Dodge: Dodged            |    21 |   114 ||   135

Table legend:
 A = Non-vault XP
 B = Vault XP
 C = Vault XP percentage of total XP
 D = Non-vault monster count
 E = Vault monster count
 F = Vault count percentage of total count
                 A         B        C        D         E       F
            +---------+---------+-------+---------+---------+-------
      Total |     316 |     252 |  44.4 |      47 |      48 |  50.5
            +---------+---------+-------+---------+---------+-------
        D:1 |      19 |       0 |   0.0 |      12 |       0 |   0.0
        D:2 |      48 |      14 |  22.6 |      14 |       1 |   6.7
        D:3 |      28 |      48 |  63.2 |      15 |       3 |  16.7
        D:4 |     221 |       0 |   0.0 |       6 |       0 |   0.0
      Sewer |       0 |     190 | 100.0 |       0 |      44 | 100.0
            +---------+---------+-------+---------+---------+-------
